 Dungeon Sprint DCSS version 0.18.1-5-g4a78601 (webtiles) character file.

401 Hipnos the Covert (level 6, -1/30 HPs)
             Began as a Spriggan Enchanter on May 14, 2016.
             Killed from afar by a white imp (7 damage)
             ... with a puff of frost
             ... summoned by a neqoxec
             ... in the Dungeon (Sprint II: "The Violet Keep of Menkaure").
             The game lasted 00:02:35 (98 turns).

Hipnos the Covert (Spriggan Enchanter)                Turns: 98, Time: 00:02:36

Health: -1/30      AC:  3    Str:  2      XL:     6   Next: 54%
Magic:  1/15       EV: 20    Int: 17 (19) God:
Gold:   243        SH:  0    Dex: 12 (16) Spells: 2 memorised, 16 levels left

rFire  . . .     SeeInvis +     a - +1 dagger
rCold  . . .     Gourm    .     b - +1 robe
rNeg   . . .     Faith    .     (shield restricted)
rPois  .         Spirit   .     (helmet restricted)
rElec  .         Dismiss  .     (no cloak)
rCorr  .         Reflect  .     (gloves unavailable)
SustAt .         Harm     .     (boots unavailable)
MR     +....     NoTele   +     (no amulet)
Stlth  +++.......               (no ring)
                                (no ring)

@: exhausted, very slightly contaminated, hasted, very quick, somewhat resistant
to hostile enchantments, fairly stealthy
A: unfitting armour, see invisible, herbivore 3, speed 3, low mp 1, slow
metabolism 2, weak 1
a: no special abilities


You were in the Dungeon.
You were not hungry.

You visited 1 branch You collected 243 gold pieces.

Inventory:

Hand Weapons
 a - a +1 dagger (weapon)
Armour
 b - a +1 robe (worn)
Scrolls
 j - a scroll of blinking
Potions
 h - a potion of magic
Books
 c - a book of Maledictions

   Spells                             Type                      Level
   a - Corona                         Hexes                        1
   b - Ensorcelled Hibernation        Hexes/Ice                    2
   c - Confuse                        Hexes                        3
   d - Tukima's Dance                 Hexes                        3
   e - Dazzling Spray                 Conjuration/Hexes            3
Comestibles
 d - a bread ration


   Skills:
 + Level 1.3 Fighting
 + Level 2.1 Short Blades
 + Level 6.1 Dodging
 * Level 13.8 Stealth
 * Level 7.2 Spellcasting
 * Level 10.5 Hexes


You had 16 spell levels left.
You knew the following spells:

 Your Spells              Type           Power        Failure   Level  Hunger
a - Corona                Hex            #####..      1%          1    None
b - Ensorcelled Hibernat  Hex/Ice        ###...       1%          2    None


Dungeon Overview and Level Annotations

Branches:
Dungeon (1/1)

Altars:
The Shining One
Lugonu


Innate Abilities, Weirdness & Mutations

You are tiny and cannot use many weapons and most armour.
You have supernaturally acute eyesight.
You are a herbivore.
You cover ground extremely quickly.
You need consume almost no food.
Your magical capacity is low (-10% MP).
You are weak. (Str -2)


Message History

Found a corrupted altar of Lugonu.
Found a glowing golden altar of the Shining One.
You enter the shallow water.
Moving in this stuff is going to be slow.
The neqoxec gestures.
The neqoxec gestures at you.
Something tries to feed on your intellect!
The white imp is engulfed in a cloud of scalding steam.
The white imp dies!
Casting: Ensorcelled Hibernation
Confirm with . or Enter, or press ? or * to list all spells.
Aiming: Ensorcelled Hibernation
Press: ? - help, Shift-Dir - straight line, f/p - neqoxec
Aim: a neqoxec (chance to defeat MR: 36%)
The neqoxec easily resists.
You feel yourself speed up.
The neqoxec gestures.
The white imp gestures at you. The puff of frost hits you!
You die...

#'###†##..#
##.##.###..#
+.<.'##.'..###
##.##.†.#....###..
#+###.##....†.≈≈≈
###3≈.....≈#+
#≈≈5§≈§≈..≈#.
##≈≈≈≈§§≈≈.≈#.
#@≈§≈§§≈≈≈≈≈#.
#≈≈≈≈≈≈≈≈§≈≈§§≈≈≈≈#_
#+++#+++#≈≈§≈≈≈≈≈≈#.
§§ ##≈≈≈###§≈#_ §§;
#§§# ≈≈# ;; §§# § ≈


You could see a neqoxec, 3 electric eels and a white imp.

Vanquished Creatures
  3 neqoxecs (D)
  3 worms (D)
6 creatures vanquished.

Vanquished Creatures (others)
  A crocodile (D)
1 creature vanquished.

Grand Total: 7 creatures vanquished

Notes
Turn   | Place    | Note
--------------------------------------------------------------
     0 | D        | Hipnos the Spriggan Enchanter began the quest for the Orb.
     0 | D        | Reached XP level 1. HP: 9/9 MP: 5/5
     4 | D        | Reached skill level 5 in Stealth
     5 | D        | Reached skill level 6 in Stealth
    13 | D        | Reached XP level 2. HP: 13/13 MP: 7/7
    17 | D        | Learned a level 2 spell: Ensorcelled Hibernation
    27 | D        | Noticed a crocodile
    36 | D        | Noticed a neqoxec
    43 | D        | Killed a crocodile
    44 | D        | Gained mutation: Your magical capacity is low (-10% MP). [a neqoxec]
    53 | D        | Killed a neqoxec
    53 | D        | Reached skill level 10 in Stealth
    53 | D        | Reached skill level 5 in Spellcasting
    53 | D        | Reached XP level 3. HP: 17/17 MP: 2/9
    53 | D        | Reached XP level 4. HP: 21/21 MP: 2/10
    53 | D        | Reached XP level 5. HP: 25/25 MP: 2/12
    54 | D        | Noticed a neqoxec
    60 | D        | Killed a neqoxec
    60 | D        | Reached skill level 12 in Stealth
    60 | D        | Reached XP level 6. HP: 29/29 MP: 2/14
    61 | D        | Noticed a neqoxec
    61 | D        | Noticed a neqoxec
    65 | D        | Gained mutation: You are weak. (Str -2) [a neqoxec]
    77 | D        | Killed a neqoxec
    77 | D        | Reached skill level 1 in Fighting
    77 | D        | Reached skill level 13 in Stealth
    77 | D        | Reached skill level 10 in Hexes
    91 | D        | Found a corrupted altar of Lugonu.
    92 | D        | Found a glowing golden altar of the Shining One.
    98 | D        | Killed from afar by a white imp

Skill      XL: |  1  2  3  4  5  6 |
---------------+-------------------+-----
Stealth        | 6 10 12 13 | 13.8
Hexes          | 4 8 9 10 | 10.5
Spellcasting   | 3 5 6 7 |  7.2
Dodging        | 4 6 |  6.1
Fighting       | 1 |  1.3
Short Blades   | 2 |  2.1

Action                   |  1- 3 |  4- 6 || total
-------------------------+-------+-------++-------
Melee: Dagger            |    14 |    12 ||    26
 Cast: Ensorcelled Hiber |     3 |    10 ||    13
  Use: Potion            |     1 |     4 ||     5
 Stab: Sleeping          |     4 |     1 ||     5
Armor: Robe              |     1 |    10 ||    11
Dodge: Dodged            |     6 |    45 ||    51
